 Dungeon Crawl Stone Soup version 0.30.0-29-ga12c61a403 (webtiles) character file.

Game seed: 6975124378305639096

1168 qw the Cleaver (level 8, 0/49 HPs)
             Began as a Gargoyle Fighter on June 5, 2023.
             Slain by a gnoll
             ... wielding a +0 halberd
              (7 damage)
             ... on level 4 of the Dungeon.
             The game lasted 00:01:52 (3725 turns).

qw the Cleaver (Gargoyle Fighter)                   Turns: 3725, Time: 00:01:53

Health: 0/49       AC: 15    Str: 21    XL:     8   Next: 40%
Magic:  8/8        EV:  8    Int: 10    God:
Gold:   231        SH:  4    Dex:  9    Spells: 7/7 levels left

rFire   . . .        f - +0 broad axe (venom)
rCold   . . .        c - +0 buckler
rNeg    + . .        g - +0 chain mail
rPois   inf          i - +0 helmet
rElec   +            (no cloak)
rCorr   .            (no gloves)
SInv    .            (no boots)
Will    .....        (no amulet) Stlth
                     (no ring)
HPRegen 0.28/turn    (no ring)
MPRegen 0.11/turn

%: no passive effects
@: no status effects
A: sickness immunity, AC +5, negative energy resistance 1, electricity
resistance, torment resistance 1, petrification resistance
a: no special abilities


You were on level 4 of the Dungeon.
You visited 1 branch of the dungeon, and saw 4 of its levels.

You collected 287 gold pieces.
You spent 56 gold pieces at shops.


Innate Abilities, Weirdness & Mutations

You are immune to sickness and miasma.
Your stone body is resilient. (AC +5)
You are immune to poison.
You resist negative energy. (rN+)
You are resistant to electric shocks. (rElec)
You are resistant to unholy torment.
You are immune to petrification.


   Skills:
 + Level 5.2 Fighting
 - Level 8.2 Axes
 - Level 1.2 Throwing
 - Level 3.2 Armour
 - Level 1.0 Dodging
 - Level 3.2 Shields


You had 7 spell levels left.
You didn't know any spells.
Your spell library was empty.

Inventory:

Hand Weapons
 f - a +0 broad axe of venom (weapon)
 s - a +2 whip of flaming
Missiles
 m - a boomerang (quivered)
Armour
 c - a +0 buckler (worn)
 g - a +0 chain mail (worn)
 i - a +0 helmet (worn)
Scrolls
 n - 2 scrolls of identify
 q - a scroll of blinking {unknown}
 r - a scroll of brand weapon {unknown}
Potions
 a - a potion of attraction
 d - 2 potions of might
 e - a potion of haste
 h - a potion of resistance
 j - 3 potions of curing
 k - 2 potions of cancellation {unknown}
 l - a potion of invisibility {unknown}
 o - a potion of magic {unknown}
 p - a potion of lignification {unknown}

Dungeon Overview and Level Annotations

Branches:
Dungeon (4/15)
 Temple: D:4-7

Altars:
Dithmenos
Uskayaw

Shops:
D:1 ?   D:2 !


Message History

You kill the hound!
You closely miss the hound. You block the hound's attack.
The gnoll hits you but does no damage. The gnoll closely misses you.
The hound bites you but does no damage.
Your Throwing skill increases to level 1!
You hit the hound.
The hound is poisoned.
The hound is lightly wounded.
The gnoll hits you from afar with a +0 halberd!
The gnoll misses you. The hound closely misses you.
You barely miss the hound.
The hound is lightly wounded.
The hound bites you but does no damage.
The gnoll hits you from afar with a +0 halberd.
The gnoll barely misses you. The hound bites you but does no damage.
The gnoll barely misses you.
You slash the hound!
The hound looks as sick as possible!
The hound is almost dead.
You kill the hound!
The gnoll hits you from afar with a +0 halberd.
The gnoll hits you from afar with a +0 halberd! x2
The gnoll barely misses you. x2; The gnoll hits you but does no damage.
Things that are here:
a +0 halberd; a gnoll corpse
Enter note:
Enter note:
Enter note:
Enter note:
Enter note:
Enter note:
Enter note:
Enter note:
Enter note:
Enter note:
Enter note:
Enter note: You slash the gnoll!
You kill the gnoll!
You closely miss the gnoll. The gnoll hits you with a +0 halberd!
You die...

#.....# ....# #
#.....###....# #
#..##...##...# #
#..##...##...######
#..##........#.).%.
#..##........#...##
#............#....#
#..##...##..###...#
#)@#######.)###..##
#g)# #.........# #gg#
#.........# ....
#.........# .....
............#
.......P......###..##
.##'##..~~~~...# ####
#. .. ...P......
.~~~~....


You could see 2 gnolls and a goblin.

Vanquished Creatures
  Pikel (D:4)
  Menkaure (D:4)
  2 ice beasts
  An ogre (D:4)
  A lemure (D:4)
  2 hounds (D:4)
  A jelly (D:4)
  2 iguanas (D:4)
  Robin (D:4)
  3 gnolls (D:4)
  3 adders
  A white imp (D:4)
  A worm (D:2)
  2 dart slugs
  10 orcs
  9 bats
  4 endoplasms
  3 giant cockroaches
  16 goblins
  5 hobgoblins
  8 jackals
  7 kobolds
  8 quokkas
  8 ball pythons
  7 frilled lizards
  4 rats
111 creatures vanquished.

Notes
Turn   | Place    | Note
-------+----------+-------------------------------------------
     0 | D:1      | qw the Gargoyle Fighter began the quest for the Orb.
     0 | D:1      | Reached XP level 1. HP: 14/14 MP: 1/1
     0 | D:1      | 0 ||| qw: Version: 0.2-a-108-gee2c290
     0 | D:1      | 0 ||| qw: Game counter: 1418
     0 | D:1      | 0 ||| qw: Always use a shield: true
     0 | D:1      | 0 ||| qw: God list: Okawaru
     0 | D:1      | 0 ||| qw: Allow faded altars: false
     0 | D:1      | 0 ||| qw: Do Orc after D:15 true
     0 | D:1      | 0 ||| qw: Do second Lair branch before Depths: true
     0 | D:1      | 0 ||| qw: Lair rune preference: random
     0 | D:1      | 0 ||| qw: Plans: Normal, Zot:1-4, Slime:5, God:TSO, Crypt,
                  | Tomb, Abyss, Pan, Hells, Win
     0 | D:1      | 0 ||| PLANNING D:1-11
    41 | D:1      | Reached skill level 2 in Axes
    42 | D:1      | 42 ||| FLEEEEING.
    43 | D:1      | 43 ||| FLEEEEING.
    44 | D:1      | 44 ||| FLEEEEING.
    82 | D:1      | Reached XP level 2. HP: 11/19 MP: 2/2
   574 | D:1      | 574 ||| Stepping ~*~*~tactically~*~*~ (stealth).
   578 | D:1      | Reached skill level 3 in Axes
   588 | D:1      | Reached XP level 3. HP: 16/23 MP: 3/3
   644 | D:1      | 644 ||| Stepping ~*~*~tactically~*~*~ (hiding).
   770 | D:1      | Found Uveex's Magic Scroll Shop.
   773 | D:1      | 773 ||| SHOPLISTING scroll of acquirement (676 gold, have
                  | 37).
   773 | D:1      | 773 ||| SHOPLISTING scroll of enchant armour (97 gold, have
                  | 37).
   773 | D:1      | 773 ||| BUYING scroll of identify (26 gold).
   773 | D:1      | Bought a scroll of identify for 26 gold pieces
   773 | D:1      | 773 ||| SHOPLISTING scroll of identify (26 gold, have 11).
  1134 | D:1      | 1134 ||| UPGRADING to +0 chain mail.
  1144 | D:1      | 1144 ||| DROPPING +0 scale mail.
  1145 | D:1      | 1145 ||| READING scroll labelled USUNUVV YTIRGHOY.
  1146 | D:1      | 1146 ||| READING scroll labelled ZAMYVV EGIHORGH.
  1147 | D:1      | 1147 ||| READING scroll labelled QIKLEJ XANKODU.
  1148 | D:1      | 1148 ||| DRINKING 2 fuming amethyst potions.
  1203 | D:2      | Found Wiotegar's Distillery.
  1212 | D:2      | 1212 ||| BUYING potion of attraction (30 gold).
  1212 | D:2      | Bought a potion of attraction for 30 gold pieces
  1212 | D:2      | 1212 ||| SHOPLISTING potion of haste (100 gold, have 9).
  1212 | D:2      | 1212 ||| SHOPLISTING potion of lignification (30 gold, have
                  | 9).
  1212 | D:2      | 1212 ||| SHOPLISTING potion of magic (80 gold, have 9).
  1397 | D:2      | Found a shadowy altar of Dithmenos.
  1423 | D:2      | 1423 ||| Stepping ~*~*~tactically~*~*~ (hiding).
  1533 | D:2      | 1533 ||| DROPPING +0 club.
  1694 | D:2      | Reached XP level 4. HP: 28/28 MP: 4/4
  1797 | D:2      | Found a faded altar of an unknown god.
  1888 | D:2      | 1888 ||| READING scroll labelled RIOHOXZUZY.
  1889 | D:2      | 1889 ||| READING scroll labelled TOSIUPTEAL.
  1890 | D:2      | 1890 ||| READING scroll labelled RIEKIH JOUSEO.
  1890 | D:2      | Identified a scroll of acquirement
  1890 | D:2      | 1890 ||| ACQUIRING +0 broad axe of venom
  1890 | D:2      | Acquired a +0 broad axe of venom
  1892 | D:2      | 1892 ||| SWAPPING to +0 broad axe of venom.
  1893 | D:2      | 1893 ||| DROPPING +0 war axe.
  1894 | D:2      | 1894 ||| READING 2 scrolls of identify.
  1894 | D:2      | 1894 ||| IDENTIFYING emerald potion
  1895 | D:2      | 1895 ||| DROPPING potion of brilliance.
  2006 | D:3      | Reached skill level 4 in Axes
  2015 | D:3      | 2015 ||| Stepping ~*~*~tactically~*~*~ (stealth).
  2017 | D:3      | 2017 ||| Stepping ~*~*~tactically~*~*~ (stealth).
  2054 | D:3      | 2054 ||| Stepping ~*~*~tactically~*~*~ (hiding).
  2071 | D:3      | 2071 ||| Stepping ~*~*~tactically~*~*~ (stealth).
  2662 | D:3      | 2662 ||| Stepping ~*~*~tactically~*~*~ (hiding).
  2966 | D:3      | Noticed an ice beast
  2976 | D:3      | Killed an ice beast
  2977 | D:3      | Reached skill level 5 in Axes
  2977 | D:3      | Reached XP level 5. HP: 32/32 MP: 5/5
  2984 | D:3      | 2984 ||| UPGRADING to +0 helmet.
  2989 | D:3      | 2989 ||| DRINKING 2 viscous yellow potions.
  2990 | D:3      | 2990 ||| READING 2 scrolls of identify.
  2990 | D:3      | 2990 ||| IDENTIFYING murky golden potion
  3051 | D:4      | Noticed Robin
  3051 | D:4      | Noticed an ice beast
  3054 | D:4      | Killed Robin
  3056 | D:4      | Killed an ice beast
  3057 | D:4      | Reached XP level 6. HP: 38/39 MP: 6/6
  3058 | D:4      | 3058 ||| STAIRDANCE
  3264 | D:4      | Noticed Menkaure
  3270 | D:4      | HP: 8/39 [Menkaure (7)]
  3271 | D:4      | Killed Menkaure
  3272 | D:4      | Reached skill level 6 in Axes
  3272 | D:4      | Reached XP level 7. HP: 10/44 MP: 7/7
  3414 | D:4      | Found a hide-covered altar of Uskayaw.
  3416 | D:4      | 3416 ||| Stepping ~*~*~tactically~*~*~ (stealth).
  3443 | D:4      | Reached skill level 1 in Dodging
  3503 | D:4      | Noticed Pikel
  3528 | D:4      | Killed Pikel
  3529 | D:4      | Reached skill level 8 in Axes
  3529 | D:4      | Reached XP level 8. HP: 39/48 MP: 8/8
  3561 | D:4      | 3561 ||| DROPPING +0 whip.
  3588 | D:4      | 3588 ||| Stepping ~*~*~tactically~*~*~ (stealth).
  3677 | D:4      | 3677 ||| Stepping ~*~*~tactically~*~*~ (stealth).
  3709 | D:4      | 3709 ||| Stepping ~*~*~tactically~*~*~ (hiding).
  3721 | D:4      | Reached skill level 1 in Throwing
  3723 | D:4      | HP: 7/49 [gnoll/+0 halberd (8)]
  3725 | D:4      | Slain by a gnoll

Levels and vault maps discovered:
D:1:      roderic_crop_circles_arrival_small, layout_loops_ring, serial_shops,
          nicolae_shop_rolled_up, nicolae_figureground_sparkle
D:2:      layout_basic, basic_altar, serial_shops, shop_fountains,
          chequers_ecumenical_altar_twisty
D:3:      layout_basic
D:4:      layout_gridville, amcnicky_altar_gilded,
          eat_drink_and_be_merry_uskayaw, mainiacjoe_overflow_alcove_2,
          st_stairs_10, dreamdust_gnoll_farm, uniq_menkaure, uniq_pikel,
          uniq_crazy_yiuf_cottage, uniq_robin

Skill      XL: |  1  2  3  4  5  6  7  8 |
---------------+-------------------------+-----
Axes           | 2 3 5 6 8 |  8.2
Fighting       | 4 5 |  5.2
Dodging        | 1 |  1.0
Throwing       | 1 |  1.2
Armour         | |  3.2
Shields        | |  3.2

Action                     |  1- 3 |  4- 6 |  7- 9 || total
---------------------------+-------+-------+-------++-------
  Melee: War axe           |   114 |     7 |       ||   121
         Broad axe         |       |    85 |    61 ||   146
  Throw: Boomerang         |       |    20 |    14 ||    34
    Use: Scroll            |     3 |     5 |       ||     8
         Potion            |     1 |     1 |       ||     2
 Armour: Scale mail        |    45 |       |       ||    45
         Chain mail        |    16 |    63 |    36 ||   115
  Dodge: Dodged            |    54 |    42 |    26 ||   122
  Block: Buckler           |    23 |    24 |    13 ||    60

Table legend:
 A = Non-vault XP
 B = Vault XP
 C = Vault XP percentage of total XP
 D = Non-vault monster count
 E = Vault monster count
 F = Vault count percentage of total count
                 A         B        C        D         E       F
            +---------+---------+-------+---------+---------+-------
      Total |     693 |     990 |  58.8 |      90 |      20 |  18.2
            +---------+---------+-------+---------+---------+-------
        D:1 |      44 |       0 |   0.0 |      26 |       0 |   0.0
        D:2 |      43 |       0 |   0.0 |      20 |       0 |   0.0
        D:3 |     190 |      10 |   5.0 |      22 |       5 |  18.5
        D:4 |     416 |     980 |  70.2 |      22 |      15 |  40.5
            +---------+---------+-------+---------+---------+-------
